 Dungeon Crawl Stone Soup version 0.20-a0-876-g2c7b0bf (webtiles) character file.

109 JeffiDaFish the Digger (level 4, 0/24 HPs)
             Began as a Gargoyle Earth Elementalist on Mar 15, 2017.
             Killed by divine providence
             ... invoked by an orc priest
              (15 damage)
             ... on level 4 of the Dungeon on Mar 16, 2017.
             The game lasted 00:09:01 (1762 turns).

JeffiDaFish the Digger (GrEE)                       Turns: 1762, Time: 00:09:02

Health: 0/24       AC:  5    Str: 16 (18) XL:     4   Next: 89%
Magic:  3/8        EV: 14    Int: 13 (15) God:
Gold:   48         SH:  0    Dex: 10 (11) Spells: 4/8 levels left

rFire    . . .     SeeInvis .   k - +0 mace
rCold    . . .     Gourm    .   c - +0 robe
rNeg     + . .     Faith    .   (no shield)
rPois    ∞         Spirit   .   (helmet restricted)
rElec    +         Reflect  .   l - scarf {repulsion}
rCorr    .         Harm     .   (no gloves)
MR       .....                  (no boots)
Stlth    ++........             (no amulet)
Regen    0.1/turn               (no ring)
MPRegen  0.2/turn               h - +6 ring of strength

@: repel missiles
A: antennae 1, big wings, repulsion field 1, mutation resistance 1, negative
energy resistance 1, electricity resistance, unbreathing, petrification
resistance, rot immunity, AC +3
a: Fly


You were on level 4 of the Dungeon.
You were not hungry.

You visited 1 branch of the dungeon, and saw 3 of its levels.

You collected 48 gold pieces.

Inventory:

Hand Weapons
 k - a +0 mace (weapon)
Missiles
 b - 64 stones (quivered)
Armour
 c - a +0 robe (worn)
 l - a scarf of repulsion (worn)
Jewellery
 h - a +6 ring of strength (left hand)
Scrolls
 f - 3 scrolls of identify
Books
 e - a book of Geomancy

   Spells                             Type                      Level
   a - Sandblast                      Earth                        1
   b - Passwall                       Transmutation/Earth          2
   c - Stone Arrow                    Conjuration/Earth            3
   d - Petrify                        Transmutation/Earth          4
   e - Lee's Rapid Deconstruction     Earth                        5
Comestibles
 a - a royal jelly
 d - a bread ration


   Skills:
 + Level 0.9 Fighting
 + Level 1.2 Maces & Flails
 + Level 2.0 Dodging
 - Level 2.2 Stealth
 * Level 2.7 Spellcasting
 + Level 0.9 Conjurations
   Level 0.7 Transmutations
 + Level 4.9 Earth Magic


You had 4 spell levels left.
You knew the following spells:

 Your Spells              Type           Power        Failure   Level  Hunger
a - Sandblast             Erth           ##....       3%          1    #......
b - Stone Arrow           Conj/Erth      #.....       21%         3    ###....


Dungeon Overview and Level Annotations

Branches:
Dungeon (2/15)

Altars:


Innate Abilities, Weirdness & Mutations

You are resistant to torment.
Your stone body is resilient. (AC +3)
You are immune to poison.
You resist negative energy. (rN+)
You are resistant to electric shocks. (rElec)
You can survive without breathing.
You are immune to petrification.
You are immune to rotting.
You have a pair of small antennae on your head.
Your large and strong wings let you fly indefinitely.
You are surrounded by a mild repulsion field. (EV +2)
You are somewhat resistant to further mutation.


Message History

Aim: an orc, wielding a flail and wearing a chain mail The blast of sand hits the orc.
b - 64 stones The orc priest calls down the wrath of Beogh upon you.
Beogh smites you!
An adder comes into view.
The adder hisses angrily.
An orc priest comes into view. It is wielding a dagger.
The orc priest shouts!
All of the chunks of flesh in your inventory have rotted away.
Casting: Sandblast
Confirm with . or Enter, or press ? or * to list all spells.
Aiming: Stone Arrow
Press: ? - help, Shift-Dir - straight line, f/p - orc
Aim: an orc, wielding a flail and wearing a chain mail The stone arrow hits the orc.
The orc closely misses you.
The orc priest mumbles some strange prayers to Beogh against you.
Beogh smites you!
Ouch! That really hurt!
You die...

#.# #.# #.# #.#
#.# #.# #.#
#.###########.#
.S.oo.o@......#
#o#############


You could see 2 orc priests, an adder and 2 orcs.

Vanquished Creatures
  Terence (D:2)
  3 gnolls (D:2)
  2 worms (D:2)
  3 dart slugs (D:1)
  An orc (D:4)
  2 giant cockroaches
  3 goblins
  4 hobgoblins (D:1)
  7 jackals (D:1)
  6 kobolds (D:1)
  2 bats (D:1)
  3 frilled lizards
  3 rats
40 creatures vanquished.

Notes
Turn   | Place    | Note
-------+----------+-------------------------------------------
     0 | D:1      | JeffiDaFish the Gargoyle Earth Elementalist began the quest for the Orb.
     0 | D:1      | Reached XP level 1. HP: 10/10 MP: 3/3
     3 | D:1      | Noticed an electric eel
     3 | D:1      | Noticed an electric eel
   162 | D:1      | Gained mutation: Your large and strong wings let you fly indefinitely. [potion of mutation]
   162 | D:1      | Gained mutation: You have a pair of small antennae on your head. [potion of mutation]
   162 | D:1      | Gained mutation: You are somewhat resistant to further mutation. [potion of mutation]
   162 | D:1      | Gained mutation: You are surrounded by a mild repulsion field. (EV +2) [potion of mutation]
   182 | D:1      | Reached skill level 4 in Earth Magic
   182 | D:1      | Reached XP level 2. HP: 15/15 MP: 3/5
   334 | D:1      | Reached XP level 3. HP: 4/19 MP: 0/6
  1144 | D:2      | Noticed Terence
  1162 | D:2      | Learned a level 3 spell: Stone Arrow
  1176 | D:2      | Killed Terence
  1176 | D:2      | Reached skill level 1 in Maces & Flails
  1176 | D:2      | Reached XP level 4. HP: 15/24 MP: 0/7
  1524 | D:2      | You fall through a shaft for 2 floors!
  1762 | D:4      | Killed from afar by an orc priest

Vault maps used:
D:1:      arrival_aquarium_b
D:2:      uniq_terence, uniq_robin
D:4:      minmay_temple_entry_hall, serial_shops, shop,
          nicolae_tso_besieged_by_evil

Skill      XL: |  1  2  3  4 |
---------------+-------------+-----
Earth Magic    | 4 |  4.9
Maces & Flails | 1 |  1.2
Dodging        | 2 |  2.0
Fighting       | |  0.9
Stealth        | |  2.2
Spellcasting   | |  2.7
Conjurations   | |  0.9
Transmutations | |  0.7

Action                   |  1- 3 |  4- 6 || total
-------------------------+-------+-------++-------
Melee: Whip              |    67 |     3 ||    70
       Mace              |       |    13 ||    13
 Cast: Sandblast         |    27 |    11 ||    38
       Stone Arrow       |     2 |     4 ||     6
  Use: Potion            |     4 |     3 ||     7
       Scroll            |     2 |     2 ||     4
  Eat: Chunk             |     1 |     3 ||     4
Armor: Robe              |    17 |     4 ||    21
Dodge: Dodged            |    52 |    13 ||    65
